[Event "Turkish-ch Youth U13 2024"]
[Site "Belek Antalya"]
[Date "2024.01.25"]
[Round "7"]
[White "Celik, Ali Alper"]
[Black "Yardimci, Can"]
[Result "1-0"]
[ECO "B51"]
[WhiteElo "2222"]
[BlackElo "1901"]
[Annotator "NA RC"]
[PlyCount "101"]
[EventDate "2024.01.21"]
[EventType "swiss"]
[EventCountry "TUR"]
[SourceTitle "playchess.com"]
[Source "ChessBase"]
[SourceQuality "1"]
[TimeControl "5400+30"]

1. e4 c5 2. Nf3 d6 3. Bb5+ Nd7 4. O-O Ngf6 5. Re1 a6 6. Bd3 {[%emt 0:01:30] B51: Sizilianisch (Rossolimo-Variante).} g6 7. c3 b5 8. Bc2 c4 9. a4 Bb7 10. d4 cxd3 11. Qxd3 Nc5 12. Qe2 Bg7 13. axb5 O-O 14. b4 Ncxe4 15. bxa6 d5 16. Ra3 Bc8 17. Be3 ({Don't play} 17. a7 Qc7) 17... Ng4 18. Rd1 (18. b5 $18) 18... Nxe3 19. Qxe3 Nd6 20. Bd3 $16 Qc7 21. Nbd2 Bd7 22. Qxe7 Rfe8 23. Qh4 Bb5 24. Nf1 Bxd3 25. Rxd3 Nb5 26. Ra5 Nxc3 27. Rc5 Ne2+ 28. Kh1 Qb6 29. Rcxd5 Bf6 30. Qc4 Qxf2 31. Rd1 Rac8 32. Rc5 Rcd8 33. Rc7 Rf8 34. Re1 Nd4 35. N1d2 Ne6 36. Ne4 Qb2 37. Nxf6+ Qxf6 38. Rc6 Qe7 39. h3 h5 40. b5 Qd7 41. Rc1 Ng7 42. Rxg6 Qe7 43. Re1 Qa7 44. b6 Qd7 45. Rg5 Rfe8 46. Rge5 Rxe5 47. Nxe5 Qe7 48. a7 Nf5 49. Qc7 Qf6 50. Qxd8+ Qxd8 51. b7 1-0

[Event "Turkish-ch Youth U13 2024"]
[Site "Belek Antalya"]
[Date "2024.01.25"]
[Round "7"]
[White "Dogan, Umut Anil"]
[Black "Avcu, Uraz"]
[Result "1/2-1/2"]
[ECO "E68"]
[WhiteElo "1959"]
[BlackElo "1642"]
[Annotator "TA RC"]
[PlyCount "162"]
[EventDate "2024.01.21"]
[EventType "swiss"]
[EventCountry "TUR"]
[SourceTitle "playchess.com"]
[Source "ChessBase"]
[SourceQuality "1"]
[TimeControl "5400+30"]

1. d4 Nf6 2. c4 g6 3. g3 Bg7 4. Bg2 O-O 5. Nc3 d6 6. Nf3 Nbd7 7. O-O e5 8. e4 h6 9. h3 Re8 10. Re1 exd4 11. Nxd4 Nc5 12. Qc2 Nfxe4 13. Nxe4 Bxd4 14. Bxh6 Nxe4 15. Bxe4 Qf6 16. h4 Rxe4 17. Rxe4 Bf5 18. Rf1 Bxe4 19. Qxe4 Qe5 20. Qf3 Re8 21. Bf4 Qe4 22. Qb3 Qe2 23. Qxb7 Qxc4 24. b3 Qc2 25. Qd5 Qe4 (25... Bb6 $1 $15) 26. Qxe4 $11 Rxe4 27. Rd1 Bb6 28. Kf1 Kg7 29. Bc1 Kf6 30. f3 Re8 31. Bb2+ Kf5 32. Rd5+ Ke6 33. Rd3 f5 34. Bd4 Kf7 35. Bf2 Re5 36. b4 a5 (36... Bxf2 $11 37. Kxf2 a5) 37. Bxb6 $14 cxb6 38. Rxd6 axb4 39. Rxb6 Ra5 40. Rxb4 Rxa2 41. Rb6 Rc2 42. Ra6 Rb2 43. Rd6 Rc2 44. Rd3 Rb2 45. Rc3 Ra2 46. Re3 (46. Kg1 $14 {feels stronger.}) 46... f4 $1 $11 47. gxf4 Rh2 48. Re4 Rxh4 49. Kg2 Kf6 50. Ra4 Kf5 51. Kg3 Rh1 52. Ra5+ Kf6 53. Ra6+ Kf5 54. Ra5+ Kf6 55. Kf2 Rb1 56. Rc5 Ra1 57. Kg2 Rb1 58. Kh2 Ra1 59. Kh3 Rh1+ 60. Kg3 $1 Rg1+ 61. Kf2 Ra1 62. Rc8 Rb1 63. Rf8+ Kg7 64. Rd8 Kf6 65. Rc8 Ra1 66. Ke2 Ra2+ 67. Ke3 Ra3+ 68. Kf2 Ra2+ 69. Kg3 Ra1 70. Rc5 Rb1 71. Ra5 Rc1 72. Rb5 Ra1 73. Kg4 Rg1+ 74. Kh3 Rh1+ 75. Kg3 Rg1+ 76. Kf2 Ra1 77. Rb3 Kf5 78. Rb4 Ra2+ 79. Kg3 $1 Ra1 80. Rb5+ Kf6 81. Rb6+ Kf5 1/2-1/2

[Event "Turkish-ch Youth U13 2024"]
[Site "Belek Antalya"]
[Date "2024.01.25"]
[Round "7"]
[White "Cankurt, Arda"]
[Black "Bektasoglu, Ali"]
[Result "1-0"]
[ECO "D10"]
[WhiteElo "1779"]
[BlackElo "1507"]
[Annotator "NA RC COMBH"]
[PlyCount "141"]
[EventDate "2024.01.21"]
[EventType "swiss"]
[EventCountry "TUR"]
[SourceTitle "playchess.com"]
[Source "ChessBase"]
[SourceQuality "1"]
[TimeControl "5400+30"]

1. d4 d5 2. c4 c6 3. Nc3 Nf6 4. cxd5 cxd5 5. Bf4 Nc6 6. e3 Bf5 7. Qb3 Na5 8. Qa4+ Bd7 9. Qc2 Nc6 10. Nf3 a6 11. a3 g6 12. Bd3 Bg7 13. O-O Rc8 14. h3 O-O 15. Rac1 Na5 16. b4 Nc4 17. Bxc4 Rxc4 18. Ne5 Rc8 19. Qb3 e6 20. Rfd1 Nh5 21. Bh2 Bxe5 22. dxe5 f5 23. Nxd5 Rxc1 24. Rxc1 Bc8 25. Rxc8 Qxd5 26. Qxd5 exd5 27. Rc7 Rf7 28. Rc5 Rd7 29. e6 Re7 30. Rc8+ Kg7 31. g4 fxg4 32. hxg4 Nf6 33. g5 Ne8 34. Be5+ Kg8 35. Bf6 Rxe6 36. Rb8 b5 37. Rd8 Kf7 38. Rd7+ Kg8 39. Bd4 Re4 40. f3 Re6 41. Kf2 Nd6 42. Rg7+ Kf8 43. Rxh7 Nc4 44. Rd7 Nxa3 45. Rxd5 Kf7 46. e4 Nc4 47. Ke2 Re8 48. Kd3 Ke6 49. f4 Rf8 50. Be5 Rf7 51. Kd4 Rf8 52. Bf6 Rb8 53. f5+ gxf5 54. exf5+ Kf7 55. Rd7+ Kg8 56. Rg7+ Kf8 57. Rh7 Rb6 58. Kc5 Kg8 59. Rh4 Rd6 60. Rxc4 Rd1 61. Rh4 Rf1 62. Kd6 Rd1+ 63. Ke6 Re1+ 64. Be5 Rxe5+ 65. Kxe5 Kg7 66. Rh6 a5 67. bxa5 b4 68. a6 b3 69. a7 b2 70. a8=Q b1=Q 71. Qh8+ 1-0

[Event "Turkish-ch Youth U13 2024"]
[Site "Belek Antalya"]
[Date "2024.01.25"]
[Round "7"]
[White "Saricam, Ege"]
[Black "Turker, Esat Tuna"]
[Result "1/2-1/2"]
[ECO "C02"]
[WhiteElo "1626"]
[BlackElo "1829"]
[Annotator "NA RC COMBH"]
[PlyCount "125"]
[EventDate "2024.01.21"]
[EventType "swiss"]
[EventCountry "TUR"]
[SourceTitle "playchess.com"]
[Source "ChessBase"]
[SourceQuality "1"]
[TimeControl "5400+30"]

1. e4 e6 2. d4 d5 3. e5 c5 4. c3 Qb6 5. Bd3 Bd7 6. Nf3 cxd4 7. cxd4 Nc6 8. Bc2 Nb4 9. Nc3 Nxc2+ 10. Qxc2 Qa6 11. Bd2 Rc8 12. Qb3 Ne7 13. a4 Nc6 14. Nb5 Na5 15. Bxa5 Qxa5+ 16. Nc3 Qb4 17. Qxb4 Bxb4 18. Kd2 Ke7 19. Kd3 Rc6 20. Rhc1 Rhc8 21. Nd2 Ra6 22. b3 Rac6 23. Ne2 Rxc1 24. Rxc1 Rxc1 25. Nxc1 b5 26. axb5 Bxb5+ 27. Kc2 f6 28. Na2 Ba5 29. f4 Be8 30. b4 Bb6 31. Kc3 fxe5 32. fxe5 Bb5 33. Nb3 Kf7 34. Na5 Bf1 35. g3 Ke7 36. Nc1 Kd7 37. Nb7 Bb5 38. Nb3 Ke7 39. Nd6 Bd7 40. Nc5 Bc6 41. b5 Bd7 42. Kb4 Bc7 43. Ndb7 Bb6 44. Na5 Bc8 45. Nc6+ Ke8 46. Kc3 Bd7 47. Kb4 Bc8 48. Na5 Ke7 49. Na4 Bd7 50. Nxb6 axb6 51. Nb7 Bc8 52. Nd6 Bd7 53. Kc3 Kd8 54. Kd3 Be8 55. Ke3 Bg6 56. Kf4 Kd7 57. h4 Bd3 58. Kg5 h6+ 59. Kh5 Ke7 60. g4 Kf8 61. g5 Be2+ 62. Kg6 Bd3+ 63. Kh5 1/2-1/2

[Event "Turkish-ch Youth U13 2024"]
[Site "Belek Antalya"]
[Date "2024.01.25"]
[Round "7"]
[White "Gunaydin, Mehmet Emir"]
[Black "Buyuk, Eymen Eren"]
[Result "1/2-1/2"]
[ECO "B22"]
[WhiteElo "1471"]
[BlackElo "2056"]
[Annotator "NA RC"]
[PlyCount "105"]
[EventDate "2024.01.21"]
[EventType "swiss"]
[EventCountry "TUR"]
[SourceTitle "playchess.com"]
[Source "ChessBase"]
[SourceQuality "1"]
[TimeControl "5400+30"]

1. e4 c5 2. c3 Nf6 3. e5 Nd5 4. d4 cxd4 5. Nf3 d6 6. exd6 e6 7. cxd4 Bxd6 8. Be2 O-O 9. O-O b6 10. Nc3 Bb7 11. Be3 Nd7 12. Rc1 Nxe3 13. fxe3 Nf6 14. Nd2 {[%emt 0:12:30] [#]} Nd5 $15 ({Black should try} 14... Qb8 $1 $17 15. Kh1 Bxh2) 15. Nxd5 exd5 16. Bd3 Qh4 17. Nf3 Qh6 18. Qd2 Rae8 19. Rce1 Bc8 20. g3 Bh3 21. Rf2 f5 22. Bf1 Bxf1 23. Rfxf1 Re4 24. Rf2 Rfe8 25. Rfe2 Qg6 26. Rg2 Qg4 27. Qf2 Qh5 28. Nd2 R4e7 29. Qe2 Qf7 30. Qf3 f4 31. e4 fxg3 32. Qxf7+ Kxf7 33. e5 gxh2+ 34. Rxh2 Bb4 35. Rf1+ Kg8 36. Nf3 Rc7 37. Ng5 h6 38. Nf3 Be7 39. Kh1 Rf8 40. Rhf2 g5 41. Kg2 h5 42. Nd2 Rxf2+ 43. Rxf2 g4 44. Nf1 Bh4 45. Re2 Bg5 46. Ng3 h4 47. Nf5 Rc1 48. e6 h3+ 49. Kg3 Rg1+ 50. Kh2 Rg2+ 51. Rxg2 hxg2 52. Kxg2 Kf8 53. Kg3 1/2-1/2

[Event "Turkish-ch Youth U13 2024"]
[Site "Belek Antalya"]
[Date "2024.01.25"]
[Round "7"]
[White "Nurdogan, Ilgin Destina"]
[Black "Aydogan, Arya"]
[Result "0-1"]
[ECO "C22"]
[WhiteElo "1434"]
[BlackElo "1613"]
[Annotator "NA RC COMBH"]
[PlyCount "124"]
[EventDate "2024.01.21"]
[EventType "swiss"]
[EventCountry "TUR"]
[SourceTitle "playchess.com"]
[Source "ChessBase"]
[SourceQuality "1"]
[TimeControl "5400+30"]

1. e4 e5 2. d4 exd4 3. Qxd4 Nc6 4. Qd3 Nf6 5. Nc3 Bb4 6. Bd2 O-O 7. O-O-O Re8 8. Nge2 d6 9. Bg5 h6 10. Bh4 Be6 11. f4 Bxc3 12. Nxc3 a6 13. f5 Ne5 14. Qh3 Bc8 15. Nd5 Ned7 16. Bd3 c6 17. Nxf6+ Nxf6 18. g4 Qe7 19. Qg2 Qe5 20. h3 Nxe4 21. Qxe4 Qxe4 22. Bxe4 Rxe4 23. Rxd6 Bxf5 24. Bd8 Be6 25. b3 Bd5 26. Rd1 Be6 27. R1d3 Kh7 28. Kd2 Rc8 29. c4 Rf4 30. Ke2 b5 31. c5 Re4+ 32. Kf2 Bd5 33. Rd2 Rf4+ 34. Kg1 Rf3 35. Kh2 Ra8 36. Rc2 a5 37. Rb2 Rc3 38. Rd7 Rxc5 39. Bb6 Rc1 40. Re7 a4 41. b4 Ra1 42. Ree2 Bc4 43. Re7 Rxa2 44. Rxa2 Bxa2 45. Re3 Bb3 46. Kg3 Bd5 47. Kf2 a3 48. Bd4 a2 49. Ba1 Ra4 50. Re2 Rxb4 51. h4 Rb1 52. Be5 a1=Q 53. Bxa1 Rxa1 54. Ke3 b4 55. Rb2 b3 56. Kd2 Ra2 57. Kc1 Rxb2 58. g5 Rc2+ 59. Kb1 Be4 60. g6+ fxg6 61. h5 gxh5 62. Ka1 Ra2# 0-1

[Event "Turkish-ch Youth U13 2024"]
[Site "Belek Antalya"]
[Date "2024.01.25"]
[Round "7"]
[White "Zeybek, Kayla Nil"]
[Black "Zengin, Ovgu"]
[Result "1/2-1/2"]
[ECO "A03"]
[WhiteElo "1345"]
[BlackElo "1470"]
[Annotator "NA RC COMBH"]
[PlyCount "88"]
[EventDate "2024.01.21"]
[EventType "swiss"]
[EventCountry "TUR"]
[SourceTitle "playchess.com"]
[Source "ChessBase"]
[SourceQuality "1"]
[TimeControl "5400+30"]

1. f4 d5 2. Nf3 Bg4 3. Ne5 Bf5 4. d3 Nd7 5. Nf3 e6 6. g3 Ngf6 7. Bg2 Bc5 8. e3 Bb6 9. O-O Ng4 10. Qe1 h5 11. b4 Qf6 12. Nc3 Nxe3 13. Bxe3 Bxe3+ 14. Qxe3 Qxc3 15. Nd4 O-O 16. Rab1 c5 17. bxc5 Bg6 18. Nxe6 fxe6 19. Qxe6+ Bf7 20. Qxd7 Qxc5+ 21. Kh1 b6 22. Rb5 Rad8 23. Rxc5 Rxd7 24. Rc6 Re7 25. Bf3 d4 26. a3 Re3 27. Rd6 Rc8 28. Be4 Re2 29. Rc1 Bb3 30. Bd5+ Bxd5+ 31. Rxd5 Rcxc2 32. Rxc2 Rxc2 33. Rxd4 Rd2 34. Rd7 a5 35. a4 Ra2 36. Rd6 Rb2 37. d4 Kf7 38. d5 Ke7 39. Rc6 b5 40. Ra6 bxa4 41. Rxa5 Ra2 42. Ra6 a3 43. h3 g6 44. g4 Rf2 1/2-1/2

[Event "Turkish-ch Youth U13 2024"]
[Site "Belek Antalya"]
[Date "2024.01.25"]
[Round "7"]
[White "Dogan, Ipek"]
[Black "Sahin, Cagla Yudum"]
[Result "1-0"]
[ECO "D35"]
[WhiteElo "1199"]
[BlackElo "1559"]
[Annotator "NA RC COMBH"]
[PlyCount "59"]
[EventDate "2024.01.21"]
[EventType "swiss"]
[EventCountry "TUR"]
[SourceTitle "playchess.com"]
[Source "ChessBase"]
[SourceQuality "1"]
[TimeControl "5400+30"]

1. d4 Nf6 2. Nf3 d5 3. c4 e6 4. cxd5 exd5 5. Nc3 Nc6 6. Bg5 Be7 7. e3 O-O 8. Be2 Be6 9. O-O h6 10. Bh4 Ne4 11. Bxe7 Nxe7 12. Ne5 Nf5 13. Qc2 Nfd6 14. Rab1 Nxc3 15. bxc3 Bf5 16. Bd3 Bxd3 17. Qxd3 c6 18. Rfc1 Qa5 19. Rc2 Rfe8 20. Qe2 Nb5 21. Rb3 Rad8 22. Qh5 Re7 23. Qh4 Qc7 24. h3 Rde8 25. Nd3 b6 26. Nf4 Kh7 27. Nxd5 cxd5 28. Rxb5 Qc4 29. Rbb2 Rc8 30. Qxe7 1-0

[Event "Turkish-ch Youth U13 2024"]
[Site "Belek Antalya"]
[Date "2024.01.26"]
[Round "8"]
[White "Dogan, Umut Anil"]
[Black "Celik, Ali Alper"]
[Result "1-0"]
[ECO "D10"]
[WhiteElo "1959"]
[BlackElo "2222"]
[Annotator "RC"]
[PlyCount "99"]
[EventDate "2024.01.21"]
[EventType "swiss"]
[EventCountry "TUR"]
[SourceTitle "playchess.com"]
[Source "ChessBase"]
[SourceQuality "1"]
[TimeControl "5400+30"]

1. d4 d5 2. c4 c6 3. Nc3 dxc4 4. a4 e5 5. dxe5 Qxd1+ 6. Nxd1 Nd7 7. Bf4 Nc5 8. Nc3 Nb3 9. Rd1 Bb4 10. Nf3 h6 11. Nd2 Bxc3 12. bxc3 Nxd2 13. Rxd2 Be6 14. e4 Ne7 15. Be3 g5 16. h4 g4 17. h5 b5 18. Be2 a5 19. Bc5 b4 20. O-O bxc3 21. Rc2 Rg8 22. Be3 Rb8 23. Rxc3 Rb3 24. Rfc1 Rb4 25. Bxc4 Rxa4 26. Bxe6 fxe6 27. Rc4 Rxc4 28. Rxc4 Kf7 29. Ra4 Ra8 30. Bxh6 c5 31. Be3 Nc6 32. Bxc5 Nxe5 33. Bd6 Nd3 34. e5 Rh8 35. Rd4 Nc1 36. Rf4+ Ke8 37. Rxg4 Rxh5 38. g3 Nd3 39. Re4 Rh1+ 40. Kg2 Ra1 41. Re3 Rd1 42. Kf3 Nb2 43. Ke2 Rd5 44. Rc3 Rd4 45. Rc8+ Kf7 46. Ke3 Rd5 47. Ke4 Nd1 48. f4 a4 49. f5 Nf2+ 50. Kf3 1-0

[Event "Turkish-ch Youth U13 2024"]
[Site "Belek Antalya"]
[Date "2024.01.26"]
[Round "8"]
[White "Turker, Esat Tuna"]
[Black "Eracar, Ali Arda"]
[Result "1-0"]
[ECO "A57"]
[WhiteElo "1829"]
[BlackElo "1567"]
[Annotator "NA RC COMBH"]
[PlyCount "77"]
[EventDate "2024.01.21"]
[EventType "swiss"]
[EventCountry "TUR"]
[SourceTitle "playchess.com"]
[Source "ChessBase"]
[SourceQuality "1"]
[TimeControl "5400+30"]

1. d4 Nf6 2. c4 c5 3. d5 b5 4. Nf3 g6 5. cxb5 a6 6. b6 Qxb6 7. Nc3 Bg7 8. e4 d6 9. Bd3 O-O 10. O-O Nbd7 11. a4 Qc7 12. a5 Ng4 13. Nd2 Nge5 14. Bc2 g5 15. Qe2 (15. Ra2 $14) 15... h6 (15... Rb8 $11 {feels stronger.}) 16. Rd1 (16. h4 $14) 16... c4 17. f3 Rb8 18. h4 Nf6 $11 (18... Qc5+ $15 19. Kh1 Nd3 20. Nxc4 (20. Bxd3 cxd3 21. Qe1 g4 $17) 20... Nf2+ 21. Kh2 Ne5 (21... gxh4 $2 {perishes.} 22. Be3 $18)) 19. hxg5 hxg5 20. Nf1 Ng6 21. Ne3 Nh5 22. Qxc4 Qa7 23. Na4 Bd7 24. Nb6 Bb5 25. Qb4 Rxb6 26. axb6 Qxb6 27. Ba4 Rc8 28. Bxb5 axb5 29. Qa5 Qc5 30. Qa7 Qb4 31. Qa3 Qxa3 32. Rxa3 Nhf4 33. Kf1 Ne5 34. Rb3 Ned3 35. Bd2 Nxb2 36. Rb1 Nfd3 37. Nf5 Rb8 38. Nxg7 Kxg7 39. Bc3+ 1-0

[Event "Turkish-ch Youth U13 2024"]
[Site "Belek Antalya"]
[Date "2024.01.26"]
[Round "8"]
[White "Sezgin, Mustafa"]
[Black "Cankurt, Arda"]
[Result "1-0"]
[ECO "E07"]
[WhiteElo "1647"]
[BlackElo "1779"]
[Annotator "NA RC COMBH"]
[PlyCount "65"]
[EventDate "2024.01.21"]
[EventType "swiss"]
[EventCountry "TUR"]
[SourceTitle "playchess.com"]
[Source "ChessBase"]
[SourceQuality "1"]
[TimeControl "5400+30"]

1. d4 d5 2. c4 c6 3. Nf3 Nf6 4. Nc3 e6 5. g3 dxc4 6. a4 Nbd7 7. Bg2 Be7 8. O-O O-O 9. e4 a5 10. Qe2 b6 11. Rd1 Bb7 12. Bf4 Bb4 13. Qxc4 Qe7 14. Qd3 h6 15. e5 Nd5 16. Nxd5 cxd5 17. h4 Ba6 18. Qe3 Rfc8 19. g4 Rc2 20. Bf1 Bxf1 21. Kxf1 Nf8 22. h5 Rac8 23. g5 hxg5 24. Bxg5 Qe8 25. h6 gxh6 26. Bf6 Kh7 27. Kg2 Ng6 28. Rh1 Bf8 29. Rh3 Kg8 30. Rah1 Bg7 31. Bxg7 Kxg7 32. Qxh6+ Kg8 33. Qxg6+ 1-0

[Event "Turkish-ch Youth U13 2024"]
[Site "Belek Antalya"]
[Date "2024.01.26"]
[Round "8"]
[White "Aydogan, Arya"]
[Black "Aydin, Aslinur Berrin"]
[Result "1-0"]
[ECO "C49"]
[WhiteElo "1613"]
[BlackElo "1048"]
[Annotator "NA RC COMBH"]
[PlyCount "56"]
[EventDate "2024.01.21"]
[EventType "swiss"]
[EventCountry "TUR"]
[SourceTitle "playchess.com"]
[Source "ChessBase"]
[SourceQuality "1"]
[TimeControl "5400+30"]

1. e4 e5 2. Nf3 Nc6 3. Nc3 Nf6 4. Bb5 Bb4 5. O-O d6 6. Nd5 Bc5 7. d4 exd4 8. Bg5 Bd7 9. Qd2 Ne5 10. Nxe5 Bxb5 11. Nd3 c6 12. Nxf6+ gxf6 13. Bh4 Qe7 14. Qf4 Rg8 15. Bxf6 Qe6 16. Rfe1 Bxd3 17. cxd3 Kd7 18. e5 Rae8 19. Kf1 Rg6 20. h3 h5 21. h4 Bb4 22. Re2 Rg4 23. Qf3 Rg6 24. Re4 c5 25. Rxd4 d5 26. Rxd5+ Kc7 27. Rd6 Qg4 28. Qd5 Re6 1-0

[Event "Turkish-ch Youth U13 2024"]
[Site "Belek Antalya"]
[Date "2024.01.26"]
[Round "8"]
[White "Sahin, Cagla Yudum"]
[Black "Kalyoncu, Beren"]
[Result "1-0"]
[ECO "C03"]
[WhiteElo "1559"]
[BlackElo "1578"]
[Annotator "NA RC COMBH"]
[PlyCount "107"]
[EventDate "2024.01.21"]
[EventType "swiss"]
[EventCountry "TUR"]
[SourceTitle "playchess.com"]
[Source "ChessBase"]
[SourceQuality "1"]
[TimeControl "5400+30"]

1. e4 e6 2. d4 d5 3. Nd2 Be7 4. e5 c5 5. c3 cxd4 6. cxd4 Nc6 7. Ngf3 Qb6 8. Nb3 a5 9. Qd3 a4 10. Nbd2 Bd7 11. Nb1 Nb4 12. Qd1 Nh6 13. a3 Na6 14. Nc3 Nc7 15. Bd3 Nf5 16. Bc2 Qa6 17. Bd3 b5 18. O-O h5 19. Re1 Qb6 20. Bc2 O-O 21. Bf4 Qb7 22. Bg5 f6 23. exf6 Bxf6 24. Bxf6 Rxf6 25. Ne5 Be8 26. Ne2 Qb6 27. Qd2 Na6 28. b3 axb3 29. Bxb3 Nb8 30. Rec1 Nc6 31. Nxc6 Bxc6 32. Qb4 Raf8 33. Qc5 Qxc5 34. Rxc5 Be8 35. f3 Ne3 36. Nc3 Rg6 37. Kf2 Ng4+ 38. Kg1 Ne3 39. Kf2 Ng4+ 40. Kg1 Nh6 41. Bc2 Nf5 42. Bxf5 Rxf5 43. Kf2 Rfg5 44. g3 h4 45. g4 h3 46. Nxb5 Kh7 47. Nd6 Ba4 48. Nf7 Kg8 49. Nxg5 Rxg5 50. Rc7 Kh7 51. Kg3 Rg6 52. Kxh3 Rh6+ 53. Kg3 Kg6 54. Rc8 1-0

[Event "Turkish-ch Youth U13 2024"]
[Site "Belek Antalya"]
[Date "2024.01.26"]
[Round "8"]
[White "Coban, Ege"]
[Black "Saricam, Ege"]
[Result "1-0"]
[ECO "B80"]
[WhiteElo "1553"]
[BlackElo "1626"]
[Annotator "NA RC"]
[PlyCount "91"]
[EventDate "2024.01.21"]
[EventType "swiss"]
[EventCountry "TUR"]
[SourceTitle "playchess.com"]
[Source "ChessBase"]
[SourceQuality "1"]
[TimeControl "5400+30"]

1. e4 c5 2. Nf3 a6 3. Nc3 Nc6 4. d4 cxd4 5. Nxd4 e6 6. a3 d6 7. g3 Nf6 8. Bg2 Be7 9. Nb3 Qc7 10. O-O b5 11. f4 Bb7 12. Be3 O-O 13. g4 Nd7 14. g5 Rfd8 15. Rf3 Nf8 16. Rh3 f6 17. Qh5 fxg5 18. f5 h6 19. fxe6 Ne5 20. Nd4 Re8 21. Rf1 Bf6 22. Nd5 Bxd5 23. exd5 Nh7 24. Be4 Rf8 25. Nc6 g4 26. Nxe5 Bxe5 27. Rf7 Rxf7 28. exf7+ Kf8 29. Qxg4 Nf6 30. Qg2 Qxf7 31. Bf5 Bxb2 32. Be6 Qe7 33. Bf4 Ra7 34. Qg6 Nxd5 35. Bxd5 Bd4+ 36. Kf1 Qf6 37. Qxf6+ Bxf6 38. Bxd6+ Ke8 39. Be6 Be7 40. Bxe7 Kxe7 41. Re3 Kf6 42. Ke2 Rc7 43. Bb3 Rc6 44. Kd3 g5 45. Kd4 a5 46. Rc3 1-0

[Event "Turkish-ch Youth U13 2024"]
[Site "Belek Antalya"]
[Date "2024.01.26"]
[Round "8"]
[White "Aslan, Ela"]
[Black "Donmez, Elif"]
[Result "1/2-1/2"]
[ECO "D05"]
[WhiteElo "1440"]
[BlackElo "1120"]
[Annotator "NA RC COMBH"]
[PlyCount "138"]
[EventDate "2024.01.21"]
[EventType "swiss"]
[EventCountry "TUR"]
[SourceTitle "playchess.com"]
[Source "ChessBase"]
[SourceQuality "1"]
[TimeControl "5400+30"]

1. Nf3 Nf6 2. b3 e6 3. Bb2 d5 4. e3 c5 5. d4 a6 6. Bd3 Bd6 7. O-O O-O 8. Nbd2 Nc6 9. a3 Re8 10. Ne5 Qc7 11. f4 b5 12. c3 c4 13. Bc2 cxb3 14. Bxb3 Ne4 15. Nxe4 dxe4 16. Qh5 g6 17. Qe2 Bf8 18. h4 f5 19. h5 Nxe5 20. fxe5 Qg7 21. Rf4 Be7 22. hxg6 hxg6 23. g3 Bg5 24. Rf2 Kf7 25. Rh2 Bd7 26. Rf1 Rh8 27. Rff2 Rxh2 28. Rxh2 Rh8 29. Bc1 Rh6 30. Qf2 Rxh2 31. Qxh2 Qh6 32. Qxh6 Bxh6 33. Kf2 Ke7 34. Bd2 Kf7 35. Ke2 Ke7 36. Kd1 Bf8 37. Kc2 Kf7 38. Kb2 Be7 39. c4 bxc4 40. Bxc4 Bc8 41. Kb3 Ke8 42. d5 exd5 43. Bxd5 Bc5 44. Bc1 Bd7 45. Kc4 Be7 46. Bb7 Be6+ 47. Kd4 a5 48. Bd5 Bd7 49. e6 Bb5 50. Ke5 Bd3 51. Kd4 Bf6+ 52. Kc5 Be5 53. Kb6 a4 54. Bc6+ Ke7 55. Bxa4 Bxg3 56. Bb3 Bd6 57. Bd2 Bxa3 58. Be1 Bd6 59. Bh4+ Kf8 60. Kc6 Be7 61. Bg3 Bg5 62. Bf2 f4 63. exf4 Bxf4 64. Bc5+ Ke8 65. Kd5 Bg5 66. Ba4+ Kd8 67. Bb6+ Ke7 68. Bc5+ Kd8 69. Bb6+ Kc8 1/2-1/2

[Event "Turkish-ch Youth U13 2024"]
[Site "Belek Antalya"]
[Date "2024.01.26"]
[Round "8"]
[White "Canli, Elif Rana"]
[Black "Zengin, Ovgu"]
[Result "0-1"]
[ECO "B48"]
[WhiteElo "1258"]
[BlackElo "1470"]
[Annotator "NA RC COMBH"]
[PlyCount "80"]
[EventDate "2024.01.21"]
[EventType "swiss"]
[EventCountry "TUR"]
[SourceTitle "playchess.com"]
[Source "ChessBase"]
[SourceQuality "1"]
[TimeControl "5400+30"]

1. e4 c5 2. Nf3 e6 3. d4 cxd4 4. Nxd4 Nc6 5. Nc3 a6 6. Be3 Qc7 7. Nxc6 bxc6 8. Bc4 Nf6 9. O-O Be7 10. f3 O-O 11. Qe2 d5 12. Bb3 Bb7 13. Rad1 Rad8 14. exd5 exd5 15. Na4 c5 16. c3 Rfe8 17. Qf2 Bd6 18. g3 Rc8 19. Rfe1 Qc6 20. Rd2 a5 21. Red1 Bf8 22. Bg5 c4 23. Bc2 Nd7 24. Rxd5 Nc5 25. Kg2 Nxa4 26. Rxa5 Nc5 27. Be3 Qxf3+ 28. Qxf3 Rxe3 29. Qxb7 Nxb7 30. Ra7 Nc5 31. Bf5 Rce8 32. Bg4 Nd3 33. Rd2 Re1 34. b3 Bc5 35. Rc7 Rg1+ 36. Kh3 Nf2+ 37. Kh4 Rg2 38. h3 Bb6 39. Rb7 Bd8+ 40. Kh5 g6+ 0-1